 Dungeon Crawl Stone Soup version 0.21.1-1-g345015f (webtiles) character file.

114 Fortress the Firebug (level 4, -9/31 HPs)
             Began as a Demonspawn Fire Elementalist on July 3, 2018.
             Mangled by Sigmund
             ... wielding a +0 scythe
              (11 damage)
             ... on level 4 of the Dungeon.
             The game lasted 00:17:29 (3020 turns).

Fortress the Firebug (Demonspawn Fire Elementalist) Turns: 3020, Time: 00:17:30

Health: -9/31      AC:  6    Str:  7 (9)  XL:     4   Next: 67%
Magic:  2/8        EV: 17    Int: 14 (17) God:
Gold:   132        SH:  0    Dex: 15 (18) Spells: 8/9 levels left

rFire    + . .     SeeInvis .   d - -2 dagger (curse)
rCold    + . .     Gourm    .   (no shield)
rNeg     . . .     Faith    .   a - +0 robe
rPois    +         Spirit   .   (no helmet)
rElec    +         Reflect  .   q - +2 cloak {MR+}
rCorr    +         Harm     .   (no gloves)
MR       +....                  s - +0 pair of boots (curse)
Stlth    +++.......             (no amulet)
HPRegen  0.10/turn              (no ring)
MPRegen  0.11/turn              (no ring)

@: agile, resistant
A: hooves 2
a: no special abilities


You were on level 4 of the Dungeon.
You were not hungry.

You visited 1 branch of the dungeon, and saw 4 of its levels.

You collected 132 gold pieces.

Inventory:

Hand Weapons
 d - a cursed -2 dagger (weapon)
 i - a +0 dagger
 n - a cursed +0 hunting sling
 o - a cursed -2 mace
 p - a +4 quarterstaff of chaos
Missiles
 e - 85 stones (quivered)
Armour
 a - a +0 robe (worn)
 q - a +2 cloak of magic resistance (worn)
 s - a cursed +0 pair of boots (worn)
Potions
 f - a potion of brilliance
 k - a potion of resistance
 m - a potion of haste {unknown}
 t - a potion of flight {unknown}
Books
 b - a book of Flames

   Spells                             Type                      Level
   a - Flame Tongue                   Conjuration/Fire             1
   b - Throw Flame                    Conjuration/Fire             2
   c - Conjure Flame                  Conjuration/Fire             3
   d - Inner Flame                    Hexes/Fire                   3
   e - Sticky Flame                   Conjuration/Fire             4
   f - Fireball                       Conjuration/Fire             5
Comestibles
 c - 3 rations


   Skills:
 + Level 0.5 Fighting
 + Level 0.6 Short Blades
 + Level 2.0 Dodging
 - Level 1.7 Stealth
 + Level 3.0 Spellcasting
 + Level 1.9 Conjurations
 + Level 3.6 Fire Magic


You had 8 spell levels left.
You knew the following spells:

 Your Spells              Type           Power        Failure   Level  Hunger
a - Flame Tongue          Conj/Fire      #....        7%          1    #......


Dungeon Overview and Level Annotations

Branches:
Dungeon (4/15)
 Temple: D:4-7

Altars:

Annotations:
D:3 Ijyb
D:4 Sigmund


Innate Abilities, Weirdness & Mutations

You have hoof-like feet.


Message History

You miss something. Something hits you but does no damage.
You barely miss something. Something hits you!
You closely miss something. You hit something but do no damage.
Something hits you!
* * * LOW HITPOINT WARNING * * *
Casting: Flame Tongue
Confirm with . or Enter, or press ? or * to list all spells.
You can't see any susceptible monsters within range! (Use Z to cast anyway.)
You closely miss something. You barely miss something. Something hits you.
* * * LOW HITPOINT WARNING * * *
It was a potion of agility.
You feel agile all of a sudden.
You hear some strange, mumbled words.
A magic dart appears from out of thin air!
The magic dart hits you!
* * * LOW HITPOINT WARNING * * *
Something hits you but does no damage. Something hits you!
You die...

#.# #?# #.#
#.# #.# #.#
##.#######.##
#....@.<....#
##..#####.##.#
#...# #...#
#...# ####...#
#......#
#.##..##
#......#


There were no monsters in sight!

Vanquished Creatures
  Crazy Yiuf (D:2)
  An adder (D:2)
  An ooze (D:3)
  3 worms
  2 dart slugs
  2 leopard geckos
  An orc (D:3)
  4 giant cockroaches
  10 goblins
  9 hobgoblins
  2 quokkas (D:2)
  A ball python (D:1)
  4 bats
  3 frilled lizards
  5 kobolds
  4 rats
53 creatures vanquished.

Notes
Turn   | Place    | Note
-------+----------+-------------------------------------------
     0 | D:1      | Fortress the Demonspawn Fire Elementalist began the quest for the Orb.
     0 | D:1      | Reached XP level 1. HP: 13/13 MP: 3/3
   140 | D:1      | Gained mutation: You have large cloven feet. [demonic ancestry]
   140 | D:1      | Reached XP level 2. HP: 19/19 MP: 3/5
   690 | D:1      | Gained mutation: You have hoof-like feet. [demonic ancestry]
   690 | D:1      | Reached XP level 3. HP: 24/24 MP: 2/6
  1486 | D:2      | Found a runed door.
  1943 | D:2      | Reached XP level 4. HP: 25/30 MP: 5/8
  2047 | D:2      | Noticed Crazy Yiuf
  2055 | D:2      | Killed Crazy Yiuf
  2635 | D:3      | Noticed Ijyb
  2989 | D:4      | Noticed Sigmund
  3020 | D:4      | Mangled by Sigmund

Skill      XL: |  1  2  3  4 |
---------------+-------------+-----
Fire Magic     | 3 |  3.6
Dodging        | 2 |  2.0
Spellcasting   | 3 |  3.0
Fighting       | |  0.5
Short Blades   | |  0.6
Stealth        | |  1.7
Conjurations   | |  1.9

Action                   |  1- 3 |  4- 6 || total
-------------------------+-------+-------++-------
Melee: Dagger            |    46 |    48 ||    94
       Kick              |    16 |     1 ||    17
 Cast: Flame Tongue      |    88 |    37 ||   125
  Use: Scroll            |     3 |     1 ||     4
       Potion            |       |     6 ||     6
  Eat: Chunk             |     3 |       ||     3
       Ration            |     1 |     1 ||     2
Armor: Robe              |    15 |    15 ||    30
       Skin              |       |     7 ||     7
Dodge: Dodged            |    43 |    35 ||    78
